 Dungeon Crawl Stone Soup version 0.20.1-1-g8b1a95d (webtiles) character file.

45 Jannitor the Charmwright (level 3, -5/28 HPs)
             Began as a Demonspawn Skald on Aug 31, 2017.
             Was an Initiate of Okawaru.
             Slain by a hobgoblin (7 damage)
             ... led by Robin
             ... on level 2 of the Dungeon.
             The game lasted 00:01:53 (1529 turns).

Jannitor the Charmwright (Demonspawn Skald)         Turns: 1529, Time: 00:01:53

Health: -5/28      AC:  3    Str: 12    XL:     3   Next: 42%
Magic:  6/6        EV: 12    Int: 14    God:    Okawaru [......]
Gold:   109        SH:  0    Dex: 12    Spells: 5/6 levels left

rFire    . . .     SeeInvis .   o - +2 falchion (freeze)
rCold    . . .     Gourm    .   (no shield)
rNeg     . . .     Faith    .   b - +0 leather armour
rPois    .         Spirit   .   (no helmet)
rElec    .         Reflect  .   (no cloak)
rCorr    .         Harm     .   (no gloves)
MR       .....                  (no boots)
Stlth    +.........             (no amulet)
Regen    0.1/turn               (no ring)
MPRegen  0.1/turn               (no ring)

@: no status effects
A: powered by death 1
a: Renounce Religion


You were on level 2 of the Dungeon.
You worshipped Okawaru.
Okawaru was noncommittal.
You were very hungry.

You visited 1 branch of the dungeon, and saw 2 of its levels.

You collected 109 gold pieces.

Inventory:

Hand Weapons
 a - a +0 falchion
 o - a +2 falchion of freezing (weapon)
Armour
 b - a +0 leather armour (worn)
Jewellery
 k - a +3 amulet of reflection {unknown}
Scrolls
 e - a scroll of amnesia {unknown}
 f - 3 scrolls of identify {unknown}
 g - a scroll of enchant armour {unknown}
 h - 2 scrolls of teleportation {unknown}
 m - a scroll of remove curse {unknown}
 n - a scroll of recharging {unknown}
Potions
 l - a potion of brilliance {unknown}
 p - a potion of invisibility {unknown}
 q - a potion of ambrosia {unknown}
Books
 c - a book of Battle

   Spells                             Type                      Level
   a - Infusion                       Charms                       1
   b - Shroud of Golubria             Charms/Translocation         2
   c - Song of Slaying                Charms                       2
   d - Spectral Weapon                Hexes/Charms                 3
   e - Regeneration                   Charms/Necromancy            3
Comestibles
 d - a bread ration
 i - a meat ration
 j - 7 fruits


   Skills:
 + Level 2.7 Fighting
 + Level 2.2 Long Blades
 - Level 0.8 Armour
 + Level 2.2 Dodging
 - Level 2.0 Spellcasting
 + Level 3.0 Charms


You had 5 spell levels left.
You knew the following spells:

 Your Spells              Type           Power        Failure   Level  Hunger
a - Infusion              Chrm           #...         9%          1    ##.....


Dungeon Overview and Level Annotations

Branches:
Dungeon (2/15)

Altars:
Okawaru

Annotations:
D:2 Robin, Sigmund


Innate Abilities, Weirdness & Mutations

You regenerate a little health from kills.


Message History

You hit Robin. You freeze Robin.
Robin is moderately wounded.
Robin hits you with a vampiric spear! Robin draws strength from your wounds!
The hobgoblin closely misses you.
You riposte.
You closely miss the hobgoblin.
Robin roars a battlecry!
The hobgoblin goes into a battle-frenzy!
The hobgoblin hits you but does no damage.
You hit Robin. You freeze Robin.
Robin is moderately wounded.
Robin hits you but does no damage. The hobgoblin hits you.
You barely miss Robin.
Robin is moderately wounded.
Robin hits you with a vampiric spear. Robin draws strength from your wounds!
The hobgoblin hits you.
You barely miss Robin.
Robin is moderately wounded.
Robin hits you with a vampiric spear!
* * * LOW HITPOINT WARNING * * *
The hobgoblin hits you!
You die...

##. #.......#. # ..
#....... #g#.#.####
#....... ..g..g...
#....... .gg.g..g#
#....... #g# #.......
######## #g# #.......
#.)....# #.# #.......
#)####@####.# ##...#...
#.# #gg....###...###..
#.############.........
#...............#.).).#
#############..##.._).#
#<....#...#.)...#
#####'#..........
##.....#...###..
#......##...#...


You could see Robin and a hobgoblin.

Vanquished Creatures
  2 dart slugs (D:1)
  A leopard gecko (D:1)
  9 bats
  A giant cockroach (D:1)
  5 goblins
  7 hobgoblins
  A jackal (D:1)
  2 frilled lizards (D:1)
  5 kobolds
  3 rats
36 creatures vanquished.

Notes
Turn   | Place    | Note
-------+----------+-------------------------------------------
     0 | D:1      | Jannitor the Demonspawn Skald began the quest for the Orb.
     0 | D:1      | Reached XP level 1. HP: 16/16 MP: 3/3
   230 | D:1      | Gained mutation: You regenerate a little health from kills. [demonic ancestry]
   230 | D:1      | Reached XP level 2. HP: 21/23 MP: 5/5
   964 | D:1      | Reached XP level 3. HP: 25/28 MP: 6/6
  1291 | D:2      | Noticed Sigmund
  1355 | D:2      | Found an iron altar of Okawaru.
  1368 | D:2      | Became a worshipper of Warmaster Okawaru
  1506 | D:2      | Reached skill level 3 in Charms
  1520 | D:2      | Noticed Robin
  1529 | D:2      | Slain by a hobgoblin

Skill      XL: |  1  2  3 |
---------------+----------+-----
Dodging        | 2 |  2.2
Long Blades    | 2 |  2.2
Charms         | 3 |  3.0
Fighting       | |  2.7
Armour         | |  0.8
Spellcasting   | |  2.0

Action                   || total
-------------------------++-------
Melee: Falchion          ||   102
  Eat: Chunk             ||     1
Armor: Leather armour    ||    28
Dodge: Dodged            ||    67
       Rpst.: Falchion   ||    25
